General information
- name: BNet
- type: Ladder team game (AT/RT)
- host: Battle.net
- saver: Anonymou
map: PhantomGrove
- players: 4
- length: 15:00
- speed: Fast
- version: 1.24 W3XP
- replay type: Public
» download(82 KB)
Players
team 1 (winner)
Anonymou (
teal | 142 APM | 2125 actions | 15:00)
5 Death Knight
3 Death Coil
2 Unholy Aura
3 Priestess of the Moon
2 Trueshot Aura
1 Searing Arrows
2 Lich
1 Frost Nova
1 Dark Ritual
2 Crypt Lord
1 Impale
1 Spiked Carapace
» actions
| Assign group hotkey | 75 | |
| Basic commands | 205 | |
| Build / train | 77 | |
| ESC pressed | 2 | |
| Enter build submenu | 28 | |
| Enter hero's abilities submenu | 12 | |
| Give item / drop item | 2 | |
| Right click | 577 | |
| Select / deselect | 399 | |
| Select group hotkey | 659 | |
| Use ability | 89 | |
2125 total
» units
| Acolyte | 2 | |
| Ghoul | 2 | |
| Crypt Fiend | 11 | |
| Huntress | 13 | |
| Wisp | 11 | |
| Glaive Thrower | 4 | |
| Obsidian Statue | 2 | |
45 total
» upgrades
| Creature Attack | 2 | |
| Strength of the Moon | 1 | |
| Creature Carapace | 1 | |
4 total
» buildings
| Crypt | 1 | |
| Graveyard | 1 | |
| Altar of Darkness | 1 | |
| Ziggurat | 6 | |
| Tomb of Relics | 1 | |
| Ancient of War | 4 | |
| Halls of the Dead | 2 | |
| Tree of Life | 1 | |
| Moon Well | 5 | |
| Black Citadel | 1 | |
| Slaughterhouse | 1 | |
24 total
» build order
00:09 Crypt
00:12 Graveyard
00:33 Altar of Darkness
00:50 Ziggurat
01:24 Tomb of Relics
01:53 Ziggurat
03:55 Ancient of War
04:07 Halls of the Dead
04:07 Halls of the Dead
04:29 Ziggurat
05:56 Tree of Life
06:09 Moon Well
06:12 Moon Well
06:14 Moon Well
06:25 Ziggurat
07:42 Black Citadel
07:58 Ancient of War
07:58 Ancient of War
08:55 Slaughterhouse
12:07 Ziggurat
12:08 Ziggurat
12:34 Moon Well
12:34 Moon Well
14:22 Ancient of War
» items
| Rod of Necromancy | 2 | |
| Potion of Mana | 1 | |
| Potion of Healing | 2 | |
| Orb of Corruption | 1 | |
| Scroll of Town Portal | 1 | |
| Scroll of Healing | 1 | |
8 total
deathcoil_ (
pink | 96 APM | 369 actions | 03:51)
1 Priestess of the Moon
1 Searing Arrows
» actions
| Assign group hotkey | 33 | |
| Basic commands | 1 | |
| Build / train | 17 | |
| ESC pressed | 4 | |
| Enter build submenu | 13 | |
| Enter hero's abilities submenu | 1 | |
| Right click | 198 | |
| Select / deselect | 57 | |
| Select group hotkey | 27 | |
| Use ability | 18 | |
369 total
» units
» buildings
| Altar of Elders | 1 | |
| Moon Well | 5 | |
| Ancient of War | 4 | |
| Hunter's Hall | 1 | |
11 total
» build order
00:05 Altar of Elders
00:17 Moon Well
01:41 Ancient of War
01:50 Ancient of War
01:54 Moon Well
02:05 Hunter's Hall
02:26 Ancient of War
02:42 Moon Well
02:45 Moon Well
03:09 Moon Well
03:36 Ancient of War
team 2 (loser)

»
honeyrod (
red | 98 APM | 1472 actions | 14:59)
3 Blademaster
1 Wind Walk
2 Critical Strike
1 Shadow Hunter
1 Hex
» actions
| Assign group hotkey | 36 | |
| Basic commands | 49 | |
| Build / train | 58 | |
| ESC pressed | 6 | |
| Enter build submenu | 21 | |
| Enter hero's abilities submenu | 4 | |
| Remove unit from queue | 2 | |
| Right click | 546 | |
| Select / deselect | 207 | |
| Select group hotkey | 470 | |
| Use ability | 73 | |
1472 total
» units
| Peon | 14 | |
| Grunt | 14 | |
| Demolisher | 4 | |
| Raider | 1 | |
33 total
» upgrades
| Pillage | 1 | |
| Melee Weapons | 1 | |
| Armor | 1 | |
| Berserker Strength | 1 | |
| Ensnare | 1 | |
5 total
» buildings
| Barracks | 1 | |
| Altar of Storms | 2 | |
| Orc Burrow | 5 | |
| Voodoo Lounge | 1 | |
| War Mill | 1 | |
| Stronghold | 1 | |
| Spirit Lodge | 4 | |
| Watch Tower | 2 | |
| Beastiary | 1 | |
| Fortress | 1 | |
19 total
» build order
00:09 Barracks
00:16 Altar of Storms
00:21 Orc Burrow
01:37 Orc Burrow
02:16 Voodoo Lounge
02:48 Orc Burrow
04:20 War Mill
04:53 Stronghold
05:40 Orc Burrow
07:56 Spirit Lodge
08:10 Watch Tower
08:13 Watch Tower
09:07 Spirit Lodge
09:10 Spirit Lodge
10:12 Beastiary
10:49 Altar of Storms
14:04 Fortress
14:07 Orc Burrow
14:21 Spirit Lodge
» items
| Healing Salve | 3 | |
| Lesser Clarity Potion | 3 | |
| Scroll of Speed | 1 | |
7 total

»
Honig (
green | 116 APM | 1716 actions | 14:47)
2 Archmage
1 Blizzard
1 Brilliance Aura
2 Mountain King
1 Storm Bolt
1 Thunder Clap
» actions
| Assign group hotkey | 20 | |
| Basic commands | 4 | |
| Build / train | 42 | |
| ESC pressed | 1 | |
| Enter build submenu | 16 | |
| Enter hero's abilities submenu | 4 | |
| Right click | 832 | |
| Select / deselect | 549 | |
| Select group hotkey | 208 | |
| Use ability | 40 | |
1716 total
» units
| Peasant | 6 | |
| Footman | 3 | |
| Rifleman | 11 | |
| Priest | 3 | |
| Sorceress | 3 | |
| Mortar Team | 3 | |
29 total
» buildings
| Farm | 6 | |
| Altar of Kings | 1 | |
| Barracks | 1 | |
| Scout Tower | 1 | |
| Arcane Tower | 3 | |
| Blacksmith | 1 | |
| Arcane Vault | 1 | |
| Keep | 1 | |
| Arcane Sanctum | 1 | |
| Workshop | 1 | |
17 total
» build order
00:10 Farm
00:13 Altar of Kings
00:19 Barracks
00:35 Farm
01:37 Scout Tower
02:06 Arcane Tower
02:06 Arcane Tower
02:29 Blacksmith
03:40 Farm
03:58 Farm
04:17 Arcane Vault
05:23 Keep
05:41 Farm
07:48 Arcane Sanctum
09:01 Workshop
10:54 Farm
» items
| Potion of Healing | 1 | |
| Scroll of Town Portal | 2 | |
3 total
Chat log
(00:48 / All) deathcoil_: GUTEN TAG
(01:01 / All) Anonymou: ALLES GUTE
(01:12 / All) Anonymou: ZUM zEIN
(14:56 / All) honeyrod: ncie job dood